Cogmind - Beta 13 @@@ ROGUE MODE // 2024.04.02 @ 03:03:46 Player: Reed849 Result: Destroyed by Y-45 Defender with Heavy Assault Rifle Performance ------------- Evolutions (2) 1000 Regions Visited (3) 600 Robots Destroyed (37) 185 Value Destroyed (969) 969 Prototype IDs (2) 40 Alien Tech Used (0) 0 Bonus (0) 0 TOTAL SCORE: 2794 Bonus ------- None Cogmind --------- Core Integrity 0/550 Matter 161/300 Energy 74/100 System Corruption 0% Temperature Cool (40) Movement Rolling (110) Ox2 Location -8/Materials Parts ------- > --- POWER (1) -------- (None) > --- PROPULSION (3) --- Wheel > --- UTILITY (3) ------ Large Storage Unit Signal Interpreter > --- WEAPON (4) ------- Light Assault Rifle Improved Datajack > --- INVENTORY (15) --- Medium Matter Pod (90) High-powered Tractor Beam Peak State ------------ > --- POWER ------------ Ion Engine > --- PROPULSION ------- Wheel Wheel Wheel > --- UTILITY ---------- Large Storage Unit Structural Scanner Signal Interpreter > --- WEAPON ----------- Assault Rifle Light Assault Rifle Autogun Improved Datajack > --- INVENTORY -------- Light Ion Engine Light Treads Light Treads Wheel Medium Matter Pod High-powered Tractor Beam Particle Gun Light Assault Rifle Light Assault Rifle Light Assault Rifle Heavy Assault Rifle Improved Datajack [Rating: 15] Favorites ----------- Power Ion Engine Engine Ion Engine Propulsion Light Treads Treads Light Treads Wheel Wheel Utility Small Storage Unit Device Structural Scanner Storage Small Storage Unit Processor Signal Interpreter Weapon Light Assault Rifle Energy Gun Heavy EM Pulse Gun Ballistic Gun Light Assault Rifle Ballistic Cannon Light Cannon Launcher Grenade Launcher Special Melee Weapon Improved Datajack Build | -11 -10 -9 -8 ------- Run | Yrd Mat Mat Mat Slots Evolved 4 | . . 2 2 Power . | . . . . Propulsion 1 | . . . 1 Utility 1 | . . 1 . Weapon 2 | . . 1 1 Parts Attached 34 | 5 4 13 12 Power 4 | 1 1 1 1 Engine 4 | 1 1 1 1 Core . | . . . . Reactor . | . . . . Propulsion 8 | . 2 2 4 Treads 4 | . 2 . 2 Leg . | . . . . Wheel 4 | . . 2 2 Hover . | . . . . Flight . | . . . . Utility 5 | 1 . 4 . Device 2 | . . 2 . Storage 2 | 1 . 1 . Processor 1 | . . 1 . Hackware . | . . . . Protection . | . . . . Artifact . | . . . . Weapon 17 | 3 1 6 7 Energy Gun 3 | 1 . 1 1 Energy Cannon . | . . . . Ballistic Gun 8 | 2 . 1 5 Ballistic Cannon 1 | . . 1 . Launcher 3 | . 1 2 . Special Weapon . | . . . . Impact Weapon . | . . . . Slashing Weapon . | . . . . Piercing Weapon . | . . . . Special Melee Weapon 2 | . . 1 1 Unidentified Prototypes . | . . . . Parts Lost 22 | . . 6 16 Power 3 | . . 1 2 Propulsion 7 | . . 2 5 Utility 1 | . . . 1 Weapon 11 | . . 3 8 Highest Loss Streak 16 | . . 2 16 To Critical Strikes . | . . . . Average Slot Usage (%) 83 | . 80 88 69 Engine 11 | . 14 10 4 Treads 14 | . 23 10 3 Wheel 7 | . . 11 12 Device 5 | . . 8 7 Storage 12 | . 14 11 9 Processor 2 | . . 4 9 Energy Gun 2 | . . 4 2 Ballistic Gun 16 | . 18 14 15 Ballistic Cannon 2 | . . 5 . Launcher 7 | . 9 6 . Special Melee Weapon 1 | . . 1 4 Naked Turns . | . . . . Heaviest Build 33 | 12 14 33 30 Greatest Support 40 | 3 40 40 40 Greatest Overweight (x) 9 | 3 3 2 9 Average Overweight (x) . | 1 . . . Largest Inventory Capacity 15 | 8 8 15 15 Average Capacity 10 | 7 8 14 15 Most Carried 15 | 7 8 15 13 Average Carried 8 | 5 7 10 9 Final Capacity 15 | 8 8 15 15 Final Carried 14 | 6 8 14 2 Class Distribution -------------------- 68% | Mutant 22% | Skirmisher 8% | Gunner Dominant Class ---------------- Mutant | -10/Materials Skirmisher | -9/Materials Mutant | -8/Materials Resources | -11 -10 -9 -8 ----------- Run | Yrd Mat Mat Mat Matter Collected 815 | 244 16 555 . Remotely . | . . . . Salvage Created 1054 | 75 177 483 319 Parts 73 | 1 10 54 8 Haulers Intercepted . | . . . . Recyclers Shooed 1 | . 1 . . Parts Field Recycled . | . . . . Retrieved Matter . | . . . . Parts Self-Destructed . | . . . . Prevented . | . . . . Kills | -11 -10 -9 -8 ------- Run | Yrd Mat Mat Mat Combat Hostiles Destroyed 30 | . 7 17 6 Guns 14 | . 1 7 6 Cannons 8 | . . 8 . AOE 8 | . 6 2 . Classes Destroyed 8 | 1 2 4 1 Worker 1 | . . 1 . Builder 3 | . . 3 . Recycler 1 | 1 . . . Watcher 2 | . . 2 . Swarmer 10 | . 3 7 . Grunt 15 | . 4 7 4 Duelist 1 | . . . 1 Sentry 4 | . . 3 1 Best Kill Streak 5 | 1 4 5 4 Combat Bots Only 4 | . 4 4 4 Max Kills in Single Turn 2 | 1 2 2 1 Gunslinging . | . . . . Exploded 2 | . 2 1 . Melee . | . . . . Uniques/NPCs Destroyed . | . . . . Combat | -11 -10 -9 -8 -------- Run | Yrd Mat Mat Mat Hostile Shots Fired 272 | . 26 97 149 Missed 73 | . 9 28 36 Damage Taken 3016 | . 265 892 1859 Core 774 | . 41 175 558 Absorbed by Shields . | . . . . Core Remaining (%) 79 | 100 83 56 . Volleys Fired 79 | 3 10 37 29 Largest 3 | 1 2 3 3 Hottest 105 | 40 50 100 105 Shots Fired 177 | 3 18 98 58 Gun 134 | 3 12 61 58 Cannon 27 | . . 27 . Launcher 16 | . 6 10 . Special . | . . . . Kinetic 133 | . 12 72 49 Thermal 12 | 3 . . 9 Explosive 16 | . 6 10 . Electromagnetic 16 | . . 16 . Robot Hit Streak 12 | 3 4 6 12 Robot Miss Streak 4 | . 2 3 4 Penetration Max . | . . . . Secondary Targets 4 | . . . 4 Max Gunslinging Chain 1 | . . . 1 Shots Hit Robots 106 | 3 5 57 41 Core Hits 77 | 2 15 39 21 Critical Kills . | . . . . Critical Parts Destroyed . | . . . . Critical Strikes . | . . . . Melee Attacks 7 | . . 4 3 Impact . | . . . . Slashing . | . . . . Piercing . | . . . . Sneak Attacks . | . . . . Combat Hostiles . | . . . . Follow-up Attacks . | . . . . Damage Inflicted 1968 | 33 362 1090 483 Guns 944 | 33 45 383 483 Cannons 309 | . . 309 . Explosions 711 | . 313 398 . Melee . | . . . . Ramming 4 | . 4 . . Kinetic 1005 | . 45 556 404 Thermal 112 | 33 . . 79 Explosive 711 | . 313 398 . Electromagnetic 136 | . . 136 . Impact . | . . . . Slashing . | . . . . Piercing . | . . . . Highest Corruption . | . . . . Average Corruption . | . . . . Corruption Purged . | . . . . Corruption Blocked . | . . . . Overload Shots . | . . . . Overflow Damage 12 | . . 12 . Projectiles . | . . . . Explosions 12 | . . 12 . Melee . | . . . . Knockbacks 2 | . . 2 . Impact . | . . . . Kinetic 2 | . . 2 . Secondary . | . . . . Self-Inflicted Damage 238 | . 91 147 . Shots 8 | . 3 5 . Rammed 2 | . 2 . . Targets Rammed 2 | . 2 . . Kicked . | . . . . Crushed . | . . . . Highest Temperature 238 | . 22 114 238 Average Temperature 64 | . 11 31 120 Received Heat Transfer 1332 | . 72 234 1026 Siege Activations . | . . . . Robots Corrupted . | . . . . Combat Hostiles . | . . . . Parts Fried . | . . . . Impact Corruptions . | . . . . Robots Melted . | . . . . Combat Hostiles . | . . . . Parts Melted . | . . . . Heat Transferred 260 | 75 . . 185 Parts Sabotaged . | . . . . Parts Stolen . | . . . . Parts Stripped . | . . . . Power Chain Reactions . | . . . . Alert | -11 -10 -9 -8 ------- Run | Yrd Mat Mat Mat Peak Influence 396 | 5 151 396 227 Initial 142 | . . 42 142 Average 116 | 4 67 207 177 Maximum Alert Level 1 | . . 1 1 Low Security (%) 74 | 100 100 39 85 Level 1 25 | . . 60 14 Level 2 . | . . . . Level 3 . | . . . . Level 4 . | . . . . Level 5 . | . . . . High Security . | . . . . Max Security . | . . . . Squads Dispatched 5 | . 1 2 2 Investigation 2 | . 1 1 . Extermination . | . . . . Reinforcement 3 | . . 1 2 Assault . | . . . . Garrison . | . . . . Intercept . | . . . . Searches Triggered . | . . . . Construction Impeded . | . . . . Haulers Reinforced . | . . . . Active Scanning Responses . | . . . . Cargo Convoy Interrupts . | . . . . Stealth | -11 -10 -9 -8 --------- Run | Yrd Mat Mat Mat Distress Signals 4 | . 1 1 2 Communications Jammed . | . . . . Distress Signals . | . . . . Times Spotted 47 | . 11 21 15 Peak Tracking Total 10 | . 5 5 10 Tactical Retreats 1 | . . 1 . Traps | -11 -10 -9 -8 ------- Run | Yrd Mat Mat Mat Traps Triggered 2 | . 1 1 . Indirectly . | . . . . Trap Hack Attempts . | . . . . Triggered . | . . . . Disarmed 6 | . 6 . . Reprogrammed . | . . . . Reused . | . . . . Traps Extracted . | . . . . Installed . | . . . . Triggered . | . . . . Machines | -11 -10 -9 -8 ---------- Run | Yrd Mat Mat Mat Machines Disabled . | . . . . Max in Single Turn . | . . . . Machines Repaired . | . . . . Machines Dismantled . | . . . . Machines Sabotaged . | . . . . Overloaded Fab Kills . | . . . . Hacking | -11 -10 -9 -8 --------- Run | Yrd Mat Mat Mat Machines Accessed 12 | . 7 5 . Terminals 11 | . 7 4 . Fabricators . | . . . . Repair Stations . | . . . . Recycling Units . | . . . . Scanalyzers 1 | . . 1 . Garrison Access . | . . . . Total Hacks 36 | . 23 13 . Successful 20 | . 12 8 . Failed 16 | . 11 5 . Catastrophic 3 | . 2 1 . Database Lockouts . | . . . . Manual . | . . . . Terminals 34 | . 23 11 . Fabricators . | . . . . Repair Stations . | . . . . Recycling Units . | . . . . Scanalyzers 2 | . . 2 . Garrison Access . | . . . . Terminal Hacks 18 | . 12 6 . Record 8 | . 6 2 . Robot Analysis 1 | . . 1 . Prototype ID Bank 1 | . 1 . . Emergency Access Points 2 | . 1 1 . Terminal Index 1 | . 1 . . Scanalyzer Index 1 | . 1 . . Alert Level 3 | . 1 2 . Disarm Traps 1 | . 1 . . Fabricator Hacks . | . . . . Repair Station Hacks . | . . . . Recycling Unit Hacks . | . . . . Scanalyzer 2 | . . 2 . Insert Component 1 | . . 1 . Analyze 1 | . . 1 . Garrison Access Hacks . | . . . . Unauthorized Hacks . | . . . . Terminals . | . . . . Fabricators . | . . . . Repair Stations . | . . . . Recycling Units . | . . . . Scanalyzers . | . . . . Garrison Access . | . . . . Data Cores Recovered . | . . . . Used . | . . . . Hacking Detections 11 | . 7 4 . Full Trace Events . | . . . . Feedback Events . | . . . . Feedback Blocked . | . . . . Robot Schematics Acquired . | . . . . Robots Built . | . . . . Authchips . | . . . . Time . | . . . . Total Robot Build Rating . | . . . . Part Schematics Acquired 1 | . . 1 . Parts Built . | . . . . Authchips . | . . . . Time . | . . . . Total Part Build Rating . | . . . . Parts Repaired . | . . . . Time . | . . . . Parts Recycled . | . . . . Recycled Matter . | . . . . Retrieved Matter . | . . . . Retrieved Components . | . . . . Parts Scanalyzed 1 | . . 1 . Part Schematics Acquired 1 | . . 1 . Parts Damaged . | . . . . Bothacking | -11 -10 -9 -8 ------------ Run | Yrd Mat Mat Mat Used RIF Installer . | . . . . Robots Hacked 3 | . . 2 1 Non-combat 1 | . . 1 . Combat 2 | . . 1 1 Robot Hacks Applied 5 | . . 4 1 parse_system 3 | . . 2 1 no_distress 1 | . . 1 . check_alert 1 | . . 1 . Relay Couplers Released . | . . . . Fabnet Peak Effective % . | . . . . Robots Rewired . | . . . . Allies Hacked . | . . . . Hacks Repelled . | . . . . Allies | -11 -10 -9 -8 -------- Run | Yrd Mat Mat Mat Total Allies . | . . . . Largest Group . | . . . . Highest-Rated Group . | . . . . Highest-Rated Ally . | . . . . Total Orders . | . . . . Ally Attacks . | . . . . Total Damage . | . . . . Kills . | . . . . Allies Corrupted . | . . . . Allies Melted . | . . . . Intel | -11 -10 -9 -8 ------- Run | Yrd Mat Mat Mat Robot Analysis Total 1 | . . 1 . Derelict Logs Recovered . | . . . . Drone Launches . | . . . . Drone Recoveries . | . . . . Exploration | -11 -10 -9 -8 ------------- Run | Yrd Mat Mat Mat Turns Passed 1925 | 433 598 760 134 Spaces Moved 989 | 77 337 521 54 Core 127 | 77 49 . 1 Treads 467 | . 288 178 1 Legs . | . . . . Wheels 395 | . . 343 52 Hover . | . . . . Flight . | . . . . Fastest Speed 50 | 50 160 95 80 Average Speed 134 | 137 165 117 89 Slowest Speed 500 | 200 200 240 500 Overloaded Moves . | . . . . Propulsion Burnouts . | . . . . Robots Hopped . | . . . . Cave-ins Triggered . | . . . . Exploration Rate (%) 27 | 5 59 38 9 Regions Visited 3 Branch Regions . Pre-discovered Areas . | . . . . Known Exits Taken 1 | . . 1 . Unknown Exits Taken 2 | 1 1 . . Scrap Searched . | . . . . Spaces Dug . | . . . . Terrain Destroyed 92 | . 37 55 . Melee . | . . . . Projectile . | . . . . AOE 92 | . 37 55 . Terrain Rammed . | . . . . Walls Destroyed . | . . . . Machines Disabled . | . . . . Actions | -11 -10 -9 -8 --------- Run | Yrd Mat Mat Mat Total 1458 | 403 360 597 98 Wait 306 | 306 . . . Move 986 | 76 336 520 54 Hop . | . . . . Pick Up 35 | 11 6 18 . Fast Attach . | . . . . Attach 32 | 5 2 13 12 Detach 3 | 1 . 2 . Swap 2 | . 2 . . Drop 6 | 1 2 3 . Fire 79 | 3 10 37 29 Melee 7 | . . 4 3 Ram . | . . . . Kick . | . . . . Crush 2 | . 2 . . Escape Stasis . | . . . . Rewire . | . . . . Trap . | . . . . Miscellaneous . | . . . . Route ------- -11/Scrapyard -10/Materials (discovered 2 exits: *Mat x2) -9/Materials (discovered 2 exits: *Mat / [*Min]) -8/Materials History --------- Turn | Location | Event 4 | -11/Scrapyard | Discovered new exit (range 15) 434 | -11/Scrapyard | Entered Materials 435 | -10/Materials | Build established: Mutant 720 | -10/Materials | Discovered new exit (range 15) 956 | -10/Materials | Discovered new exit (range 16) 1032 | -10/Materials | Entered another Materials area 1032 | -9/Materials | Evolved 2 slots: Utility x1, Weapon x1 1336 | -9/Materials | Discovered new exit (range 12) 1757 | -9/Materials | Discovered new exit (range 15) 1791 | -9/Materials | Identified exit to Materials 1792 | -9/Materials | Entered another Materials area 1792 | -8/Materials | Evolved 2 slots: Propulsion x1, Weapon x1 1909 | -8/Materials | Core integrity fell below 50% 1923 | -8/Materials | Core integrity fell below 20% 1926 | -8/Materials | Destroyed by Y-45 Defender with Heavy Assault Rifle Last Messages --------------- Hvy. Assault Rifle destroyed. Wheel destroyed. Critical hit (Burn: +37). Lgt. Ion Engine destroyed. Critical hit (Burn: +37). Lgt. Assault Rifle destroyed. W-25 Informer sends out distress signal. Critical hit (Burn: +37). G-47 Trooper destroyed. Switching to secondary target: G-50 Soldier. G-47 Trooper destroyed. Lgt. Assault Rifle destroyed. Structural Scanner destroyed. Particle Gun destroyed. Lgt. Treads destroyed. Jacked G-47 Trooper... >>parse_system Reading system data... K-01 Serf collects debris. Critical hit (Burn: +37). Map ----- +----------------------------------------------------+ | ?????????????????????????????????????????????????? | | ?????????????????????????????????????????????????? | | ????????????????????????????????????###########??? | | ????????????????????????????????????###########??? | | ?????????????????????????????######### ##??? | | ?????????????????????????????######### ##??? | | ?????????????????????????????## # ##### | | ?????????????????????????????## "" # ######### | | ?????????????????????????????## ""S # # ## | | ?????????????????????????????## "" # # ## | | ??????????????????????##u #### + / """ ## | | ??????????????????????## #### ] # # T" ## | | ?????????????????????? # ########### # """ ## | | ?????????????????????? # a## # # ## | | ?????????????????????? + ## """ # ######### | | ?????????????????????? #g ## "R # ######### | | ?????????????????????? # Y!## """ # ######### | | ?????????????????????? # %## / ######### | | ??????????????????????##!%=## """" # ## | | ???????????????????#####^^ ## """" # ## | | ??????????????????###### ## """" # ## | | ??????????????????###! w## # #####/### | | ??????????????????##! ##?######## # | | ??????????????????##! ########### # ?????? | | ??????????????????##! ########### # ?????? | | ??????????????????##! @ g/! # ??????? | | ??????????????????###! =g% # ??????? | | ??????????????????###### !u% # ??????? | | ???????????????????############# o k### ??????? | | ??????????????????????########## ### ??????? | | ??????????????????????????????## ##????????? | | ??????????????????????????????## ##????????? | | ??????????????????????????????## ##????????? | | ??????????????????????????????## ##????????? | | ??????????????????????????????## ##????????? | | ??????????????????????????????## ##????????? | | ??????????????????????????????## ##????????? | | ?????????????????????????????? ##????????? | | ??????????????????????????????## ##????????? | | ??????????????????????????????### ##????????? | | ??????????????????????????????### ##????????? | | ?????????????????????????????????????????????????? | | ?????????????????????????????????????????????????? | | ?????????????????????????????????????????????????? | | ?????????????????????????????????????????????????? | | ?????????????????????????????????????????????????? | | ?????????????????????????????????????????????????? | | ?????????????????????????????????????????????????? | | ?????????????????????????????????????????????????? | | ?????????????????????????????????????????????????? | +----------------------------------------------------+ Best States ------------- Heat Dissipation 31 Energy Generation 10 Energy Capacity 250 Matter Stores 300 Matter Capacity 300 Sight Range 16 Terrain Scan Density 10 Evasion (%) 50 Recoil Reduction 2 Item Schematics ----------------- Particle Gun | -9/Materials | Scanalyzed Robot Schematics ------------------ None Fabricated ------------ Nothing Alien Tech Used ----------------- None Achievements -------------- Crack Shot Let's See Who's Tougher Challenges ------------ None Game ------ Seed ChipDynamicWheel Manual? 0 Play Time 00:27:31 Cumulative 2.7 hours Start 2024.04.02 @ 02:34:52 End 2024.04.02 @ 03:03:46 Sessions 1 Manual Loads 0 Difficulty Rogue Special Mode None Game No. 4 Rogue 4 Adventurer 0 Explorer 0 Win Type - Total 0 Types 0/0/0/0/0/0/0/0/0 Lore% 11 Gallery% 5 Achievement% 7 Wizard Run 0 Options --------- Layout 1 ASCII 0 Keyboard 0 Movement Arrows Keybinds 0 Fullscreen 1 Font 24/Crisp Map View 50x35 Zoom Use 0% Tactical HUD 0 Map Filters NONE Filters NONE Steam 1 RUN: 4acc6ca3-c0a5-4ef2-81e6-e8ba235b82f0